AoeStats
← Masturbinho_69

Arabia

510064210Analyzed
2v2 RM · 2d ago on Sep 29, 2026· 46m 57s· 4 players
Game mode
Random Map
Map size
Medium (4 player)
Population
200
Speed
Normal
Resources
Standard
Victory
Conquest
Starting age
Dark Age
Ending age
Imperial Age
RankedLock teamsTeams togetherTeam positionsShared explorationLock speedFull tech treeHidden civsTurbo modeCheats
Victory
Defeat
🇩🇪 Bulgarians · Germany
921
+16
🇩🇪 Sicilians · Germany
916
+16
🇨🇿 Franks · Czechia
940
-17
🇳🇿 Maya · New Zealand
897
-15
samtheinventor
0:30 Loom
11:56 Feudal Age
13:59 Horse Collar
14:43 Fletching
17:06 Man-at-Arms
24:14 Castle Age
22:28 Double-Bit Axe
23:10 Stone Mining
24:51 Padded Archer Armor
24:21 Crossbowman
26:03 Bodkin Arrow
26:57 Scale Mail Armor
26:23 Long Swordsman
27:52 Stone Shaft Mining
29:31 Gold Mining
30:48 Ballistics
30:44 Padded Archer Armor
31:22 Squires
31:27 Heavy Plow
31:42 Bow Saw
32:15 Padded Archer Armor
31:56 Eagle Warrior
38:31 Wheelbarrow
44:03 Imperial Age
42:47 Fortified Wall
43:06 Pikeman
mojro
8:38 Loom
12:27 Feudal Age
Miklós Zrínyi VII.
10:44 Feudal Age
18:50 Horse Collar
26:53 Castle Age
28:52 Elite Skirmisher
38:39 Imperial Age
Masturbinho_69
7:51 Loom
10:07 Feudal Age
11:11 Double-Bit Axe
15:40 Horse Collar
17:45 Arson
28:06 Castle Age
28:14 Elite Skirmisher
30:12 Gambesons
30:49 Gold Mining
32:01 Fletching
33:17 Pikeman
34:57 Ballistics
36:16 Scale Mail Armor
42:17 Gold Shaft Mining
42:58 Bodkin Arrow
43:08 Scale Barding Armor
Connection lost

Rejoining the realm…

Still unreachable

The connection could not be restored.

Session expired

The server has moved on; the page needs a fresh start.